 Dungeon Crawl Stone Soup version 0.27.1-34-g3ba077fa99 (webtiles) character file.

Game seed: 16911973275091238068

387 H0rd4k the Charlatan (level 7, -2/51 HPs)
             Began as a Human Artificer on Jan 24, 2022.
             Slain by an ogre (10 damage)
             ... while paralysed by Grinder
             ... on level 5 of the Dungeon.
             The game lasted 00:07:25 (5381 turns).

H0rd4k the Charlatan (Human Artificer)              Turns: 5381, Time: 00:07:25

Health: -2/51      AC:  5    Str: 12    XL:     7   Next: 7%
Magic:  7/7        EV:  2    Int: 14    God:
Gold:   198        SH:  0    Dex: 13    Spells: 6/6 levels left

rFire    . . .     SeeInvis .   m - +2 dagger (venom)
rCold    . . .     Faith    .   (no shield)
rNeg     . . .     Spirit   .   b - +0 leather armour
rPois    .         Reflect  .   (no helmet)
rElec    .         Harm     .   c - +1 cloak
rCorr    .         Rampage  .   (no gloves)
Will     .....                  (no boots)
Stlth    +.........             (no amulet)
HPRegen  0.17/turn              (no ring)
MPRegen  0.10/turn              (no ring)

@: paralysed
A: no striking features
a: no special abilities


You were on level 5 of the Dungeon.
You visited 1 branch of the dungeon, and saw 5 of its levels.

You collected 198 gold pieces.

Inventory:

Hand Weapons
 a - a +0 club
 l - a +1 whip of electrocution
 m - a +2 dagger of venom (weapon)
Armour
 b - a +0 leather armour (worn)
 c - a +1 cloak (worn)
Wands
 d - a wand of charming (16)
Scrolls
 f - 2 scrolls of magic mapping {unknown}
 g - a scroll of blinking {unknown}
 h - a scroll of fog {unknown}
 i - a scroll of identify {unknown}
 k - a scroll of teleportation {unknown}
 p - a scroll of fear {unknown}
 r - a scroll of immolation {unknown}
 s - a scroll of vulnerability {unknown}
 t - a scroll of noise {unknown}
 u - a scroll of enchant weapon {unknown}
Potions
 j - a potion of magic {unknown}
 n - 2 potions of haste {unknown}
 o - 2 potions of degeneration {unknown}
 q - a potion of cancellation {unknown}
Miscellaneous
 e - a piece from Xom's chessboard (15/15)


   Skills:
 + Level 2.5 Fighting
 + Level 2.1 Short Blades
 + Level 1.4 Maces & Flails
 - Level 2.0 Armour
 + Level 3.9 Dodging
 - Level 1.0 Stealth
 + Level 4.8 Evocations


You had 6 spell levels left.
You didn't know any spells.
Your spell library contained the following spells:

 Spells                   Type           Power      Damage    Failure   Level
 Summon Small Mammal      Summ           0%         N/A       36%         1
 Slow                     Hex            0%         N/A       50%         2
 Call Canine Familiar     Summ           0%         N/A       73%         3
 Confusing Touch          Hex            0%         N/A       73%         3
 Summon Guardian Golem    Hex/Summ       0%         N/A       73%         3
 Vampiric Draining        Necr           0%         2d6       73%         3


Dungeon Overview and Level Annotations

Branches:
Dungeon (5/15)
 Temple: D:4-7

Altars:

Shops:
D:2 ?!

Annotations:
D:1 exclusions: downstairs and kobold
D:3 exclusions: orc priest and wight
D:4 exclusion: upstairs
D:5 Grinder


Message History

Your ogre hits something with a +0 giant club!!
Your ogre hits the centaur with a +0 giant club!
The centaur dies!
The quokka bites your ogre but does no damage.
Your ogre completely misses the quokka.
The quokka barely misses your ogre.
Your ogre closely misses the quokka.
The quokka bites your ogre. Something bites your ogre.
Your ogre hits something with a +0 giant club!!
You feel a bit more experienced.
Found a stone staircase leading down.
There is a stone staircase leading up here.
You closely miss the ogre. The ogre closely misses you.
Your ogre hits the ogre with a +0 giant club!!
You hit the ogre.
The ogre is poisoned.
The ogre is almost dead.
The ogre hits you with a +0 giant club!
You kill the ogre!
Your Short Blades skill increases to level 2!
You have reached level 7!
There is a stone staircase leading up, spattered with blood here.
Really attack your ogre?
You hit your ogre.
The ogre is no longer charmed.
The ogre shouts!
The ogre is severely wounded.
The ogre closely misses you.
You barely miss the ogre.
The ogre is severely wounded.
The ogre hits you with a +0 giant club!
Your leather armour prevents you from hitting the ogre.
The ogre is severely wounded.
Grinder comes into view.
You hit the ogre.
The ogre is poisoned.
The ogre is severely wounded.
The ogre hits you with a +0 giant club!
* * * LOW HITPOINT WARNING * * *
Grinder gestures at you.
You suddenly lose the ability to move!
The ogre hits you with a +0 giant club!
You die...

... #..... .>##....
$......S.. .......
......... ..... .......
...5 .....##...##..# #'#
####....##...##..# ..#
#......O#....#...# ...#
.#......#....##.@# ....#
........##...##O)##....#
..#...(.##...##..#....[#
..................r.....
.................)......
.##.###'####..♣♣♣.......
#. #..###..♣# ♣.##### ..
#..<....♣ .# ...
#.....#.♣ ♣.#


You could see Grinder and an ogre (very poisoned).

Vanquished Creatures
  An ogre (D:5)
  Crazy Yiuf (D:2)
  A bullfrog skeleton (D:5)
  An iguana (D:4)
  Natasha (twice) (D:2)
  2 adders (D:2)
  A worm (D:2)
  A dart slug (D:3)
  15 orcs
  5 bats
  3 endoplasms (D:1)
  5 giant cockroaches
  7 goblins
  6 hobgoblins
  7 jackals
  3 quokkas
  5 ball pythons
  2 frilled lizards
  5 kobolds
  A quokka skeleton (D:4)
  6 rats
80 creatures vanquished.

Vanquished Creatures (collateral kills)
  An ice beast (D:5)
  A centaur (D:5)
  Natasha (D:2)
  2 orcs (D:3)
  A goblin (D:1)
  A quokka (D:5)
7 creatures vanquished.

Vanquished Creatures (others)
  A ball python (D:1)
  A kobold (D:1)
  5 toadstools (D:1)
7 creatures vanquished.

Grand Total: 94 creatures vanquished

Notes
Turn   | Place    | Note
-------+----------+-------------------------------------------
     0 | D:1      | H0rd4k the Human Artificer began the quest for the Orb.
     0 | D:1      | Reached XP level 1. HP: 15/15 MP: 1/1
   476 | D:1      | Reached XP level 2. HP: 21/21 MP: 2/2
  1231 | D:1      | Reached XP level 3. HP: 22/26 MP: 3/3
  1873 | D:1      | Reached skill level 4 in Evocations
  2026 | D:2      | Found Ateoz's Distillery.
  2090 | D:2      | Noticed Natasha
  2218 | D:2      | Found a runed translucent door.
  2219 | D:2      | Noticed Crazy Yiuf
  2246 | D:2      | Reached XP level 4. HP: 25/32 MP: 4/4
  2494 | D:2      | Found Lefas's Magic Scroll Shop.
  2781 | D:2      | Killed Natasha
  2802 | D:2      | Killed Crazy Yiuf
  2803 | D:2      | Reached XP level 5. HP: 38/38 MP: 5/5
  2860 | D:2      | Noticed Natasha
  2868 | D:2      | Killed Natasha
  2869 | D:2      | Reached skill level 1 in Maces & Flails
  3019 | D:2      | Noticed Natasha
  3030 | D:2      | Killed Natasha
  4354 | D:4      | Reached XP level 6. HP: 36/44 MP: 6/6
  4536 | D:4      | Reached skill level 1 in Short Blades
  4976 | D:5      | Entered Level 5 of the Dungeon
  5343 | D:5      | Noticed an ogre
  5343 | D:5      | Noticed an ice beast
  5358 | D:5      | Killed an ice beast
  5364 | D:5      | Noticed an ogre
  5375 | D:5      | Killed an ogre
  5376 | D:5      | Reached XP level 7. HP: 33/51 MP: 7/7
  5379 | D:5      | Noticed Grinder
  5380 | D:5      | Paralysed by Grinder for 4 turns
  5381 | D:5      | Slain by an ogre

Illustrated notes

Levels and vault maps discovered:
D:1:      ldierk_walled_garden, layout_rooms, lemuel_flame_loot_1
D:2:      layout_rooms, serial_shops, nicolae_lakefront_shop,
          nicolae_shop_crystal, uniq_crazy_yiuf_cottage, uniq_natasha
D:3:      layout_loops_ring, hellmonk_ecumenical_altar_leap_of_faith,
          minmay_fractal_squares_diagonal_5
D:4:      layout_gridville, nrook_loot_triangle
D:5:      layout_gridville, gammafunk_temple_overflow_forgotten,
          nicolae_yredelemnul_ghost_church, marbit_many_paths,
          minmay_temple_entry_arrows, minmay_stone_trees_small, uniq_grinder

Skill      XL: |  1  2  3  4  5  6 |
---------------+-------------------+-----
Evocations     | 4 |  4.8
Dodging        | 2 3 |  3.9
Maces & Flails | 1 |  1.4
Fighting       | 2 |  2.5
Short Blades   | 2 |  2.1
Armour         | |  2.0
Stealth        | |  1.0

Action                   |  1- 3 |  4- 6 |  7- 9 || total
-------------------------+-------+-------+-------++-------
Melee: Club              |   142 |       |       ||   142
       Whip              |     8 |    13 |       ||    21
       Dagger            |       |   159 |     4 ||   163
Evoke: Wand              |    12 |     7 |       ||    19
       Piece from Xom's  |       |     2 |       ||     2
 Stab: Sleeping          |     1 |       |       ||     1
Armor: Leather armour    |    61 |    44 |       ||   105
Dodge: Dodged            |   120 |    96 |     1 ||   217
